 Dungeon Crawl Stone Soup version 0.32-a0-699-g1ee5eff69a (webtiles) character file.

Game seed: 5499309422166424347

151 yoshimanden the Chopper (level 5, 0/41 HPs)
             Began as a Coglin Gladiator on Mar 13, 2024.
             Incinerated by a bombardier beetle (7 damage)
             ... with a burning spray
             ... on level 3 of the Dungeon.
             The game lasted 00:04:21 (1947 turns).

yoshimanden the Chopper (Coglin Gladiator)          Turns: 1947, Time: 00:04:21

Health: 0/41       AC:  7    Str: 16    XL:     5   Next: 33%
Magic:  5/5        EV:  8    Int:  8    God:
Gold:   89         SH: 12    Dex: 15    Spells: 4/4 levels left

rFire   . . .        a - +0 war axe {Qiu}
rCold   . . .        h - +0 tower shield
rNeg    . . .        b - +0 leather armour
rPois   .            c - +0 helmet
rElec   .            (no cloak)
rCorr   .            (no gloves)
SInv    .            j - +2 pair of boots
Will    .....        (amulet unavailable)
Stlth   +            (ring unavailable)
HPRegen 0.26/turn    (ring unavailable)
MPRegen 0.09/turn    (no gizmo)

%: no passive effects
@: on fire, glowing, revved
A: off-hand wielding, slow wielding, warmup strikes, no jewellery
a: Invent Gizmo


You were on level 3 of the Dungeon.
You visited 1 branch of the dungeon, and saw 3 of its levels.

You collected 89 gold pieces.

Inventory:

Hand Weapons
 a - a +0 war axe (weapon) {Qiu}
 f - a +0 dagger {Aiguo}
Missiles
 d - 3 throwing nets (quivered)
 e - a javelin
Armour
 b - a +0 leather armour (worn)
 c - a +0 helmet (worn)
 h - a +0 tower shield (worn)
 j - a +2 pair of boots (worn)
Scrolls
 l - a scroll of fog
 n - a scroll of silence
Potions
 g - 2 potions of haste
 i - a potion of invisibility {unknown}
 k - a potion of brilliance {unknown}
 m - a potion of heal wounds {unknown}
 o - 2 potions of cancellation {unknown}
 p - a potion of berserk rage {unknown}


   Skills:
 + Level 3.0 Fighting
 + Level 3.9 Axes
 - Level 1.9 Throwing
 + Level 3.5 Dodging
 + Level 1.5 Shields


You had 4 spell levels left.
You didn't know any spells.
Your spell library contained the following spells:

 Spells                   Type           Power      Damage    Failure   Level
 Ensorcelled Hibernation  Hex/Ice        0%         N/A       100%        2
 Fugue of the Fallen      Necr           0%         N/A       100%        3
 Anguish                  Hex/Necr       0%         N/A       100%        4


Dungeon Overview and Level Annotations

Branches:
Dungeon (3/15)

Altars:


Innate Abilities, Weirdness & Mutations

You can wield a second weapon in your off-hand.
It takes a long time for you to wield or remove held weapons.
Your first few attacks do less damage.
You cannot equip rings or amulets.


Message History

A bombardier beetle is nearby!
You hit the bombardier beetle.
The bombardier beetle is moderately wounded.
The bombardier beetle sprays incendiary fluid at you.
The burning spray hits you.
You are covered in liquid fire!
You barely miss the bombardier beetle.
The bombardier beetle is moderately wounded.
The liquid fire burns you!
The bombardier beetle bites you but does no damage.
You hit the bombardier beetle but do no damage.
The bombardier beetle is moderately wounded.
The liquid fire burns you!
You block the bombardier beetle's attack.
You slash the bombardier beetle!
The bombardier beetle is almost dead.
The liquid fire burns you!
The bombardier beetle bites you but does no damage.
You are too injured to fight recklessly!
You are too injured to fight recklessly!
You are too injured to fight recklessly!
You are too injured to fight recklessly!
You hit the bombardier beetle but do no damage.
The bombardier beetle is almost dead.
The liquid fire burns you!
* * * LOW HITPOINT WARNING * * *
The bombardier beetle sprays incendiary fluid at you.
The burning spray hits you.
You are even more covered in liquid fire!
You barely miss the bombardier beetle.
The bombardier beetle is almost dead.
The liquid fire burns you!
* * * LOW HITPOINT WARNING * * *
The bombardier beetle sprays incendiary fluid at you.
The burning spray hits you.
You are even more covered in liquid fire!
You hit the bombardier beetle but do no damage.
The bombardier beetle is almost dead.
The liquid fire burns you!
You die...

. ## #. .# . #.## ..###
#.#... # .... #.....##.
...#.# #.......# #.. ..#
#.......##B####.#
#........@#...#.###
#.........#..?#...#
#......†..#...#.#.#
######..##.####.#.####<#.
#...#.#..)...........
#.?##.##..##...#####
#...#.#....##...#... #
#.##.##..#.##..)#.##.#
#.#$#......##........#


You could see a bombardier beetle.

Vanquished Creatures
  A scorpion (D:3)
  2 adders (D:3)
  3 dart slugs
  3 orcs (D:3)
  3 endoplasms
  A giant cockroach (D:1)
  8 hobgoblins
  6 jackals (D:1)
  3 quokkas
  3 ball pythons
  4 bats
  3 frilled lizards
  9 goblins
  7 kobolds
  6 rats
62 creatures vanquished.

Notes
Turn   | Place    | Note
-------+----------+-------------------------------------------
     0 | D:1      | yoshimanden the Coglin Gladiator began the quest for the
                  | Orb.
     0 | D:1      | Reached XP level 1. HP: 16/16 MP: 1/1
   156 | D:1      | Reached XP level 2. HP: 22/22 MP: 2/2
   413 | D:1      | Reached XP level 3. HP: 25/28 MP: 3/3
  1539 | D:2      | Reached skill level 1 in Shields
  1711 | D:3      | Reached XP level 4. HP: 34/34 MP: 4/4
  1870 | D:3      | Noticed a scorpion
  1881 | D:3      | Killed a scorpion
  1882 | D:3      | Reached XP level 5. HP: 22/41 MP: 5/5
  1947 | D:3      | Incinerated by a bombardier beetle

Illustrated notes

Levels and vault maps discovered:
D:1:      minmay_arrival_stone_box, layout_loops_corners, minivault_5
D:2:      wad_pebble_path, layout_basic, serial_glass, glass_columns_b,
          glass_columns_a, glass_columns_a, glass_columns_b
D:3:      layout_basic, ebering_ecumenical_altar_sacrificial, minmay_vboxes,
          uniq_crazy_yiuf_cottage, uniq_ijyb, uniq_grinder

Skill      XL: |  1  2  3  4 |
---------------+-------------+-----
Dodging        | 3 |  3.5
Shields        | 1 |  1.5
Fighting       | 3 |  3.0
Axes           | |  3.9
Throwing       | |  1.9

Action                     |  1- 3 |  4- 6 || total
---------------------------+-------+-------++-------
  Melee: War axe           |   121 |    53 ||   174
    Use: Scroll            |     7 |     2 ||     9
 Armour: Leather armour    |    83 |    30 ||   113
  Dodge: Dodged            |    24 |    13 ||    37
  Block: Tower shield      |   111 |    38 ||   149

Table legend: (Time is in decaauts)
 A = Elapsed time spent in this place.
 B = Non-inter-level travel time spent in this place.
 C = Inter-level travel time spent in this place.
 D = Time resting spent in this place.
 E = Time spent auto-exploring this place.
 F = Levels seen in this place.
 G = Mean time per level.
                   A        B        C        D        E       F      G
               +--------+--------+--------+--------+--------+-----+--------+
         Total |   2077 |   1989 |     88 |      0 |   1476 |   3 |  692.3 |
       Dungeon |   2077 |   1989 |     88 |      0 |   1476 |   3 |  692.3 |
               +--------+--------+--------+--------+--------+-----+--------+

Top non-repeatable levels by time:
     D:1: 1112 daAuts
     D:2: 657 daAuts
     D:3: 306 daAuts
